 Dungeon Crawl Stone Soup version 0.31-a0-75-g6fe912e8c5 (webtiles) character file.

Game seed: 16733229816986267447

11 Esekla the Sneak (level 2, 21/21 HPs)
             Began as an Octopode Delver on May 23, 2023.
             Quit the game on level 5 of the Dungeon.
             The game lasted 00:02:07 (105 turns).

Esekla the Sneak (Octopode Delver)                   Turns: 105, Time: 00:02:07

Health: 21/21      AC:  1    Str: 11    XL:     2   Next: 25%
Magic:  2/2        EV: 13    Int: 12    God:
Gold:   25         SH:  0    Dex: 13    Spells: 0/1 levels left

rFire   + . .        a - +0 falchion
rCold   . . .        (no shield)
rNeg    . . .        (helmet restricted)
rPois   .            (no amulet)
rElec   .            g - ring of protection from fire
rCorr   .            (no ring)
SInv    .            (no ring)
Will    .....        (no ring)
Stlth   ++++         (no ring)
HPRegen 0.23/turn    (no ring)
MPRegen 0.08/turn    (no ring)
                     (no ring)

%: no passive effects
@: no status effects
A: almost no armour, amphibious, 8 rings, camouflage 1, gelatinous body 1,
(nimble swimmer 1), tentacles
a: no special abilities


You were on level 5 of the Dungeon.
You visited 1 branch of the dungeon, and saw 1 of its levels.

You collected 25 gold pieces.

Inventory:

Hand Weapons
 a - a +0 falchion (weapon)
Jewellery
 g - a ring of protection from fire (left tentacle)
Wands
 f - a wand of digging (3)
Scrolls
 b - a scroll of fog
 d - a scroll of fear
 i - 2 scrolls of identify {unknown}
Potions
 c - a potion of heal wounds {unknown}
 e - a potion of haste
 h - a potion of mutation {unknown}


   Skills:
 * Level 3.1 Fighting
 * Level 2.1 Long Blades
 * Level 2.1 Dodging
 + Level 6.9 Stealth
 * Level 0.2 Spellcasting


You couldn't memorise any spells.
You knew the following spells:

 Your Spells              Type           Power      Damage    Failure   Level
p - Apportation           Tloc           0%         N/A       32%         1

Your spell library contained the following spells:

 Spells                   Type           Power      Damage    Failure   Level
 Necrotise                Necr           0%         1d4       32%         1
 Summon Small Mammal      Summ           0%         N/A       32%         1


Dungeon Overview and Level Annotations

Branches:
Dungeon (5/15)
 Temple: D:4-7

Altars:


Innate Abilities, Weirdness & Mutations

You cannot wear most types of armour.
You are amphibious.
You can wear up to eight rings at the same time.
Your skin changes colour to match your surroundings (Stealth+).
Your rubbery body absorbs attacks. (AC +1, EV +1)
((You are camouflaged when in or above water. (Stealth+)))
You have tentacles for arms and can constrict up to eight enemies at once.


Message History

Okay, then.
There is an open door here.
The helpless adder fails to defend itself.
You hit the adder. You grab the adder. You squeeze the adder!
You kill the adder!
You have reached level 2!
h - a sedimented silvery potion A black bear comes into view.
Found 12 gold pieces.
The black bear growls angrily.
You see here 13 gold pieces.
You now have 13 gold pieces.
There is an open door here.
Press: ? - help, v - describe, . - travel, g - get item Item here: a book of Cantrips.
The floor.
Unknown command.
You close the door.
Found a stone staircase leading down.
Found a scroll labelled UNI LALASAU.
i - a scroll labelled UNI LALASAU
Found 4 stones.
You open the large door.
Found an escape hatch in the floor.
There is a large open door here.
Found 2 stones.
You now have 25 gold pieces (gained 12).
Found a scroll labelled UNI LALASAU.
i - 2 scrolls labelled UNI LALASAU (gained 1)
You pick up a book of Cantrips and begin reading...
You add the spells Necrotise, Summon Small Mammal and Apportation to your library.
Memorise Apportation, consuming 1 spell level and leaving 0?
You start memorising the spell.
You continue memorising.
You finish memorising.
Spell assigned to 'a'.
Adjust (i)tems, (s)pells, or (a)bilities?
Adjust which spell? a - Apportation Adjust to which letter? p - Apportation Are you sure you want to abandon this character and quit the game? (Confirm with "yes".)

**...#........#............#.#
,###..........#.##.#######.#)#
,,............''##.......#.#.#
,**#..............######.#.#.#
,* #..............##...,,#.#.#
,* #..............##.##*,#.#.#
,*
#.....#............####.#.####
,*
#.....#............+.........#
,*
#.....#......@.....#..(......#
,*
###...###....##....#......)..#
,*
#...#*#....##....#.........#
**
###..*#....##....#.........#
##.##....###...#.........#
*.......# #...#.........#
*##.....# #...#.........#
##....# #...#.........# #....*
#...#.........#


There were no monsters in sight!

Vanquished Creatures
  An adder (D:5)
  An orc (D:5)
2 creatures vanquished.

Notes
Turn   | Place    | Note
-------+----------+-------------------------------------------
     0 | D:5      | Esekla the Octopode Delver began the quest for the Orb.
     0 | D:5      | Reached XP level 1. HP: 16/16 MP: 1/1
    39 | D:5      | Reached XP level 2. HP: 21/21 MP: 2/2
    43 | D:5      | Noticed a black bear
   105 | D:5      | Learned a level 1 spell: Apportation
   105 | D:5      | Quit the game

Illustrated notes

Levels and vault maps discovered:
D:5:      layout_basic

Action                     || total
---------------------------++-------
  Melee: Falchion          ||     4
         Tentacles         ||     3
         Constrict         ||     2
    Use: Scroll            ||     1
   Stab: Sleeping          ||     1

Table legend: (Time is in decaauts)
 A = Elapsed time spent in this place.
 B = Non-inter-level travel time spent in this place.
 C = Inter-level travel time spent in this place.
 D = Time resting spent in this place.
 E = Time spent auto-exploring this place.
 F = Levels seen in this place.
 G = Mean time per level.
                   A        B        C        D        E       F      G
               +--------+--------+--------+--------+--------+-----+--------+
         Total |    105 |    105 |      0 |      0 |      0 |   1 |  105.0 |
       Dungeon |    105 |    105 |      0 |      0 |      0 |   1 |  105.0 |
               +--------+--------+--------+--------+--------+-----+--------+

Top non-repeatable levels by time:
     D:5: 105 daAuts
